 Dungeon Crawl Stone Soup version 0.19.0-2-gae57169 (webtiles) character file.

242 Cimanyd the Cudgeler (level 5, 0/42 HPs)
             Began as a Demigod Wanderer on Nov 7, 2016.
             Succumbed to a scorpion's poison
             ... on level 4 of the Dungeon.
             The game lasted 00:06:58 (3297 turns).

Cimanyd the Cudgeler (Demigod Wanderer)             Turns: 3297, Time: 00:06:58

Health: 0/42       AC:  6    Str: 17    XL:     5   Next: 52%
Magic:  7/7        EV: 10    Int: 18    God:
Gold:   244        SH:  4    Dex: 13    Spells: 0 memorised, 4 levels left

rFire  . . .     SeeInvis .     a - +2 mace
rCold  . . .     Gourm    .     e - +0 robe
rNeg   . . .     Faith    .     d - +0 buckler
rPois  .         Spirit   .     h - +1 helmet {Hats for Hydras}
rElec  .         Reflect  .     (no cloak)
rCorr  .         Harm     .     q - +0 pair of gloves
MR     .....     Rnd*Tele +     m - +0 pair of boots
Stlth  +.........               (no amulet)
                                (no ring)
                                k - ring of teleportation

@: lethally poisoned (0 -> -3), flying
A: high mp 1
a: no special abilities


You were on level 4 of the Dungeon.
You were hungry.

You visited 1 branch of the dungeon, and saw 4 of its levels.

You collected 244 gold pieces.

Inventory:

Hand Weapons
 a - a +2 mace (weapon)
 b - a +0 hand crossbow
 u - a +0 whip of flaming
   (You took it off a kobold on level 3 of the Dungeon)
Missiles
 o - 26 bolts
Armour
 d - a +0 buckler (worn)
 e - a +0 robe (worn)
 h - a +1 helmet (worn) {Hats for Hydras}
 m - a +0 pair of boots (worn)
 q - a +0 pair of gloves (worn)
Jewellery
 k - a ring of teleportation (left hand)
Scrolls
 c - 2 scrolls of remove curse
 i - a scroll of identify
Potions
 p - a potion of magic
Comestibles
 f - 7 bread rations
 l - a meat ration
 r - a slice of pizza


   Skills:
 - Level 2.6 Fighting
   Level 1.0(3.6) Axes
 + Level 5.6(5.7) Maces & Flails
 - Level 1.7 Armour
 - Level 1.7 Shields


You had 4 spell levels left.
You didn't know any spells.

Dungeon Overview and Level Annotations

Branches:
Dungeon (4/15)
 Temple: D:4-7


Innate Abilities, Weirdness & Mutations

You have an increased reservoir of magic. (+10% MP)


Message History

The jackal bites you but does no damage.
The scorpion stings you! The jackal barely misses you.
You sock the scorpion!
You kill the scorpion!
You feel sick.
The jackal bites you but does no damage.
The jackal bites you.
The jackal bites you but does no damage.
Okay, then.
As you read the scroll of teleportation, it crumbles to dust.
You feel strangely unstable. The jackal bites you. x2
* * * LOW HITPOINT WARNING * * *
The jackal bites you but does no damage.
The phantom hits you.
* * * LOW HITPOINT WARNING * * *
Unknown command.
You hit the jackal.
The jackal is heavily wounded.
You feel sick. The jackal bites you.
* * * LOW HITPOINT WARNING * * *
The jackal closely misses you. x2; The phantom hits you.
* * * LOW HITPOINT WARNING * * *
As you read the scroll labeled ULASUEBUPA, it crumbles to dust.
It is a scroll of amnesia.
You feel forgetful for a moment.
* * * LOW HITPOINT WARNING * * *
You feel sick. The jackal barely misses you. The jackal closely misses you.
The phantom barely misses you.
The jackal bites you but does no damage.
As you read the scroll labeled HOGOPLI CIDO, it crumbles to dust.
The scroll dissolves into smoke.
It was a scroll of fog.
The jackal barely misses you. x2; You block the phantom's attack.
The jackal bites you.
* * * LOW HITPOINT WARNING * * *
A jackal comes into view.
Okay, then.
Unknown command.
Unknown command.
As you read the scroll labeled QUCVER BOKENN, it crumbles to dust.
It is a scroll of enchant armour.
Your +0 helmet {Hats for Hydras} glows green for a moment.
Your surroundings suddenly seem different.
Found a scroll of identify.
Okay, then.
Unknown command.
You feel very buoyant.
You fly up into the air.
* * * LOW HITPOINT WARNING * * *
You feel sick.
You die...

##.#.###.#
##...#...#
#...#...#
#.....#
..####..)..#
...........#
#.####.....#
#.....#
##..@###
##.?...##
#.......#
#.........#
+...)...S.+
#.........#
##..?....##
##.....##
##...##


You could see an adder (sleeping).

Vanquished Creatures
  A scorpion (D:4)
  Jessica (D:3)
  Terence (D:4)
  A worker ant (D:4)
  Robin (D:4)
  An adder (D:2)
  A howler monkey skeleton (D:4)
  2 oozes (D:1 D:4)
  2 worms (D:2 D:3)
  2 dart slugs (D:1 D:2)
  A leopard gecko (D:4)
  An orc (D:3)
  3 giant cockroaches (D:1 D:4)
  17 goblins (D:1 D:2 D:3 D:4)
  8 hobgoblins (D:1 D:3 D:2 D:4)
  6 kobolds (D:1 D:2 D:3)
  2 quokkas (D:3)
  4 bats (D:1 D:2)
  5 frilled lizards (D:1 D:2 D:3)
  7 rats (D:1 D:2 D:3)
67 creatures vanquished.

Notes
Turn   | Place    | Note
-------+----------+-------------------------------------------
     0 | D:1      | Cimanyd the Demigod Wanderer began the quest for the Orb.
     0 | D:1      | Cimanyd set off with: a +2 mace, a +0 hand crossbow, 26 bolts, a +0 buckler, a +0 robe, a bread ration
     0 | D:1      | Reached XP level 1. HP: 18/18 MP: 3/3
    73 | D:1      | Reached skill level 2 in Maces & Flails
   319 | D:1      | Reached XP level 2. HP: 25/25 MP: 4/4
   802 | D:1      | Reached skill level 3 in Maces & Flails
  1222 | D:2      | Reached XP level 3. HP: 23/30 MP: 5/5
  1782 | D:3      | Noticed Jessica
  1799 | D:3      | Killed Jessica
  1799 | D:3      | Reached skill level 4 in Maces & Flails
  1926 | D:3      | Reached XP level 4. HP: 37/37 MP: 6/6
  2354 | D:3      | Noticed Terence
  2530 | D:4      | Killed Terence
  2782 | D:4      | Noticed Robin
  2836 | D:4      | Killed Robin
  2836 | D:4      | Reached skill level 5 in Maces & Flails
  3171 | D:4      | Reached XP level 5. HP: 42/42 MP: 7/7
  3279 | D:4      | Noticed a phantom
  3291 | D:4      | HP: 4/42 [phantom (1)]
  3293 | D:4      | HP: 1/42 [jackal (2)]
  3297 | D:4      | Succumbed to a scorpion's poison

Skill      XL: |  1  2  3  4 |
---------------+-------------+-----
Maces & Flails | 2 3 4 5 |  5.6
Fighting       | |  2.6
Axes           | |  1.0
Armour         | |  1.7
Shields        | |  1.7

Action                   |  1- 3 |  4- 6 || total
-------------------------+-------+-------++-------
Melee: Mace              |    90 |   106 ||   196
  Use: Scroll            |       |    11 ||    11
       Potion            |       |     3 ||     3
 Stab: Sleeping          |     3 |       ||     3
  Eat: Chunk             |     3 |     4 ||     7
Armor: Robe              |    24 |    31 ||    55
Dodge: Dodged            |    42 |    52 ||    94
Block: Buckler           |    12 |    18 ||    30
